Map: Ever Dream LE

Players

LiquidClem (Clem) - Winner!

  • Race: Terran Terran
  • League: Master
  • Spawn Location: 1:00

Reynor

  • Race: Zerg Zerg
  • League: Master
  • Spawn Location: 7:00

Event: DreamHack SC2 Masters 2020 Fall

VOD

Have the link to the VOD?

Description

Time

  • Played on: Sept. 13, 2020, 4:22 p.m.
  • Length: 11:48

All games in this series

Show
View Real Time Build Order
Export as new Build Order

LiquidClem Terran - Winner!

Build Orders: Gas First Reaper Expand, Liberator Opening 

Get SALT Encoding   

  12  0:00  SCV  
  13  0:12  SCV  
  14  0:17  Supply Depot  
  14  0:24  SCV  
  15  0:32  Refinery  
  15  0:38  SCV  
  16  0:43  Barracks  
  16  0:50  SCV  
  17  1:02  SCV  
  18  1:14  SCV  
  19  1:30  Reaper, Orbital Command  
  20  1:40  Command Center  
  20  1:52  Factory  
  20  1:57  SCV  
  21  2:09  SCV, Barracks Reactor  
  21  2:10  Supply Depot  
  22  2:17  Refinery  
  22  2:21  SCV  
  23  2:33  SCV  
  24  2:45  SCV  
  24  2:49  Starport  
  24  2:51  Hellion x2  
  29  2:52  Orbital Command  
  29  2:57  SCV  
  30  3:00  Marine  
  31  3:09  SCV  
  36  3:13  Hellion x2  
  36  3:18  SCV  
  37  3:23  Supply Depot  
  37  3:26  Liberator  
  40  3:29  SCV  
  41  3:35  SCV  
  41  3:36  Hellion  
  41  3:37  Hellion  
  46  3:45  SCV, Barracks Tech Lab  
  46  3:48  SCV, Supply Depot  
  48  3:57  SCV  
  48  4:00  SCV  
  50  4:07  Factory Tech Lab  
  50  4:09  SCV  
  51  4:12  SCV  
  51  4:13  Command Center  
  51  4:14  Starport Reactor  
  51  4:15  Stimpack  
  52  4:21  SCV  
  53  4:24  SCV  
  53  4:28  Barracks  
  53  4:29  Barracks  
  54  4:31  Marine  
  54  4:33  SCV  
  54  4:36  SCV  
  57  4:43  Supply Depot  
  57  4:44  Engineering Bay  
  57  4:45  SCV  
  57  4:47  Engineering Bay  
  57  4:48  SCV  
  57  4:51  Marine  
  60  4:58  SCV  
  61  5:00  Starport Reactor, Refinery  
  61  5:01  SCV  
  61  5:02  Refinery  
  62  5:09  Marine  
  62  5:10  SCV  
  62  5:12  Terran Infantry Weapons Level 1  
  62  5:13  SCV, Terran Infantry Armor Level 1  
  65  5:15  Marine x2  
  70  5:21  Siege Tank  
  70  5:24  SCV, Marine x2  
  70  5:25  Orbital Command  
  70  5:26  Marine  
  74  5:29  SCV, Supply Depot  
  74  5:34  Marine x2  
  77  5:37  SCV, Medivac  
  77  5:39  Medivac  
  77  5:42  Marine  
  83  5:44  Marine  
  83  5:45  SCV  
  85  5:50  SCV, Marine  
  85  5:54  Orbital Command, Marine x2, Siege Tank  
  92  5:57  SCV  
  92  6:02  Supply Depot  
  93  6:05  Supply Depot  
  93  6:06  Supply Depot  
  93  6:07  Combat Shield  
  93  6:13  SCV x2, Marine x3  
  93  6:16  Marine  
  99  6:19  SCV  
  99  6:23  Supply Depot  
  102  6:25  SCV x2  
  102  6:28  Marine  
  102  6:31  SCV, Barracks x2  
  104  6:36  Supply Depot  
  104  6:37  SCV, Siege Tank  
  108  6:42  Armory  
  108  6:43  Marine  
  108  6:45  SCV  
  110  6:50  Marine  
  110  6:51  Marine x2  
  110  6:53  Marine  
  110  6:54  SCV  
  114  6:59  SCV, Supply Depot  
  114  7:01  Marine  
  113  7:02  SCV  
  113  7:06  Medivac x2  
  118  7:08  Marine x2  
  118  7:09  Siege Tank  
  118  7:11  SCV  
  118  7:12  Marine  
  118  7:13  Marine  
  126  7:16  SCV  
  126  7:17  SCV  
  126  7:18  Marine  
  126  7:19  Barracks Reactor x2  
  129  7:23  SCV  
  129  7:27  Barracks x2  
  129  7:28  Barracks  
  129  7:29  Marine  
  131  7:30  Terran Infantry Weapons Level 2  
  131  7:33  Terran Infantry Armor Level 2, Marine  
  131  7:34  Marine  
  133  7:39  Marine  
  134  7:44  Bunker  
  134  7:45  Supply Depot x2, Marine  
  134  7:47  Marine, Siege Tank  
  139  7:51  Marine  
  139  7:52  Marine  
  139  7:55  Marine x4  
  139  7:57  Marine  
  146  7:59  Medivac  
  146  8:00  Supply Depot  
  146  8:02  Marine  
  149  8:06  Marine  
  149  8:07  Medivac  
  149  8:09  Marine  
  153  8:15  Marine x2  
  153  8:16  Supply Depot, Marine x5  
  153  8:17  Supply Depot, Marine  
  153  8:18  Marine  
  162  8:26  Marine  
  157  8:27  Marine x2  
  157  8:28  Siege Tank  
  157  8:29  Medivac  
  157  8:32  Supply Depot  
  157  8:33  Marine x2  
  157  8:34  Marine  
  167  8:37  Marine x5  
  167  8:38  Marine  
  174  8:44  Marine  
  169  8:56  Medivac  
  169  8:57  Marine  
  169  8:59  Medivac, Marine x2  
  169  9:00  Marine, Siege Tank  
  174  9:03  Marine  
  174  9:05  Marine  
  174  9:06  Marine x2  
  174  9:07  Marine  
  174  9:09  Marine  
  172  9:11  Marine  
  172  9:13  Marine  
  172  9:14  Command Center, Marine  
  175  9:17  Marine x2  
  175  9:20  Marine x2  
  175  9:23  Marine  
  160  9:24  Marine  
  160  9:26  Medivac  
  145  9:31  Marine  
  145  9:33  Marine x2, Siege Tank  
  145  9:35  Marine x2  
  145  9:36  Marine  
  145  9:37  Marine  
  142  9:38  Marine  
  142  9:41  Liberator  
  142  9:42  Marine x4  
  150  9:49  Refinery, Marine  
  150  9:50  Marine x2  
  153  9:53  Marine x2  
  153  9:54  Marine x2  
  153  9:56  Marine  
  152  10:02  Marine x2  
  152  10:03  Marine  
  152  10:04  Marine  
  152  10:05  Siege Tank  
  152  10:07  Marine  
  150  10:08  Refinery, Marine x2  
  150  10:10  Marine  
  150  10:11  Marine  
  150  10:12  Marine x2  
  156  10:14  Marine  
  156  10:19  Marine x2  
  156  10:21  Marine x2  
  156  10:24  Marine  
  156  10:26  Marine x2  
  157  10:28  Marine  
  157  10:29  Marine  
  157  10:30  Marine  
  157  10:32  Marine x2  
  158  10:37  Marine, Siege Tank  
  158  10:39  Marine x2  
  158  10:40  Marauder  
  158  10:42  Marine  
  166  10:44  Marine x2  
  169  10:51  Marine  
  169  10:52  Marine x4  
  169  10:54  Planetary Fortress  
  172  10:59  Marine x2  
  155  11:05  Marauder  
  155  11:06  Marine x3  
  155  11:07  Marine  
  155  11:09  Marine  
  155  11:10  Siege Tank  
  162  11:12  Factory  
  162  11:14  SCV x2  
  162  11:15  SCV  
  164  11:22  Marine x2  
  164  11:24  Marine x2, Barracks Tech Lab  
  165  11:26  SCV  
  165  11:27  Marauder  
Show
View Real Time Build Order
Export as new Build Order

Reynor Zerg 

Build Orders: Hatch First 

Get SALT Encoding   

  12  0:00  Drone  
  13  0:12  Overlord  
  13  0:16  Drone  
  14  0:30  Drone x2  
  16  0:47  Hatchery  
  15  0:50  Drone  
  15  0:54  Drone  
  17  0:57  Drone  
  18  1:07  Extractor  
  17  1:12  Spawning Pool  
  17  1:15  Drone  
  17  1:18  Drone  
  18  1:27  Drone  
  19  1:39  Drone  
  20  1:49  Drone  
  21  1:59  Queen x2  
  21  2:00  Zergling x4  
  27  2:13  Hatchery  
  26  2:17  Overlord  
  26  2:20  Drone  
  26  2:22  Drone  
  28  2:35  Drone x3  
  31  2:38  Metabolic Boost  
  31  2:44  Queen  
  31  2:48  Overlord  
  31  2:51  Drone  
  34  2:53  Drone  
  34  2:55  Drone  
  36  3:08  Drone x3  
  36  3:09  Drone x2  
  41  3:14  Overlord  
  41  3:19  Drone  
  42  3:20  Queen  
  42  3:26  Drone x2  
  46  3:29  Queen  
  46  3:34  Zergling x2  
  48  3:36  Zergling x2  
  48  3:38  Drone  
  48  3:39  Extractor  
  48  3:40  Zergling x2  
  51  3:42  Drone x2  
  51  3:43  Zergling x2  
  51  3:47  Overlord  
  54  3:49  Zergling x2  
  54  3:55  Overlord  
  55  3:56  Drone x2  
  57  4:05  Queen  
  57  4:07  Overlord  
  57  4:09  Drone x2  
  63  4:10  Drone x3  
  63  4:13  Spore Crawler  
  63  4:14  Drone x3  
  66  4:17  Zergling x4  
  68  4:25  Spore Crawler, Queen  
  68  4:26  Drone x2  
  68  4:28  Drone  
  68  4:29  Drone  
  73  4:32  Overlord  
  73  4:39  Overlord, Spore Crawler  
  73  4:42  Drone  
  73  4:47  Spore Crawler  
  73  4:49  Evolution Chamber, Drone  
  73  4:50  Evolution Chamber  
  72  4:55  Drone x2  
  72  4:57  Drone x2  
  73  5:00  Drone x7  
  79  5:09  Zergling x4  
  79  5:11  Drone x2  
  83  5:15  Drone x3  
  83  5:16  Drone x2, Extractor  
  83  5:18  Overlord, Extractor  
  83  5:20  Zerg Missile Weapons Level 1  
  86  5:22  Zergling x6  
  86  5:26  Zerg Ground Armor Level 1  
  86  5:27  Overlord  
  89  5:37  Drone x5  
  89  5:42  Hatchery  
  93  5:43  Drone  
  93  5:45  Drone x2  
  93  5:46  Drone  
  93  5:47  Drone x2  
  93  5:48  Drone x2  
  101  5:53  Extractor  
  101  5:54  Drone  
  101  5:58  Lair, Roach Warren, Extractor x2  
  101  5:59  Zergling x4  
  101  6:00  Zergling x8  
  104  6:07  Overlord  
  104  6:09  Overlord  
  104  6:14  Overlord  
  104  6:21  Zergling x2, Overlord  
  105  6:26  Zergling x4  
  105  6:29  Zergling x2  
  105  6:30  Zergling x10  
  105  6:31  Zergling x2  
  105  6:32  Overlord  
  114  6:45  Overlord  
  109  6:54  Roach x7  
  109  6:57  Roach x5  
  109  6:58  Queen, Roach  
  132  7:02  Roach x3  
  132  7:05  Roach x2, Glial Reconstitution  
  142  7:13  Roach x2  
  146  7:17  Overlord  
  146  7:18  Roach x3  
  146  7:19  Overlord  
  152  7:25  Overlord  
  151  7:30  Overlord  
  151  7:35  Roach  
  151  7:36  Roach x3  
  159  7:40  Overlord  
  159  7:42  Roach x4  
  165  7:46  Roach x2  
  165  7:49  Ravager x5  
  165  7:50  Roach x2  
  165  7:51  Ravager x3  
  181  7:53  Roach  
  181  7:57  Overlord  
  183  7:59  Ravager, Roach x3  
  183  8:00  Roach  
  192  8:08  Overlord  
  192  8:14  Overlord  
  192  8:18  Roach x4  
  200  8:26  Roach x2  
  200  8:30  Hatchery  
  200  8:31  Zerg Ground Armor Level 2  
  200  8:32  Zerg Melee Weapons Level 1  
  200  8:34  Extractor  
  198  8:40  Drone x2  
  192  8:52  Roach x12  
  192  8:53  Roach x4  
  192  8:54  Zergling x12  
  186  8:59  Zergling x2  
  176  9:05  Roach x3  
  169  9:12  Roach  
  169  9:14  Zergling x4, Roach x2  
  169  9:16  Roach  
  177  9:19  Roach  
  177  9:22  Roach  
  171  9:29  Zergling x22  
  161  9:34  Zergling x2, Roach  
  128  9:38  Roach  
  128  9:41  Roach  
  128  9:42  Roach  
  128  9:45  Ravager, Roach  
  130  9:46  Ravager x2  
  130  9:50  Roach x2  
  136  9:54  Roach  
  136  9:55  Roach  
  136  9:56  Zergling x12  
  136  9:59  Roach  
  141  10:00  Roach x2  
  141  10:02  Roach  
  141  10:04  Roach  
  141  10:05  Roach  
  132  10:09  Roach  
  132  10:12  Roach  
  136  10:15  Ravager x2  
  136  10:16  Roach x2  
  136  10:20  Roach  
  137  10:22  Roach  
  137  10:25  Roach x4  
  137  10:26  Roach x2  
  141  10:28  Roach x2  
  141  10:32  Roach x2  
  141  10:35  Ravager x2  
  145  10:37  Roach x3  
  145  10:39  Roach x4  
  145  10:40  Ravager x2  
  161  10:48  Roach  
  159  10:51  Roach x2  
  159  10:52  Ravager x2, Roach  
  160  10:58  Roach x3  
  150  11:05  Roach x3  
  150  11:08  Ravager x2  
  152  11:12  Roach x2  
  152  11:13  Ravager  
  152  11:17  Roach x2  
  159  11:21  Roach x2  
  159  11:23  Drone  

Tags
 
Add a new tag
Caveats
  • Supply blocks, unpowered buildings, or Contaminate may cause inaccurate times.
  • Supply counts are checked every 10 seconds.